 Dungeon Crawl Stone Soup version 0.31-a0-1074-g0b22e4e0f1 (webtiles) character file.

Game seed: 13730367030364850628

85 monsoonserge the Charlatan (level 4, 0/28 HPs)
             Began as an Octopode Artificer on Dec 5, 2023.
             Slain by a hobgoblin (3 damage)
             ... on level 2 of the Dungeon.
             The game lasted 00:05:56 (1244 turns).

monsoonserge the Charlatan (Octopode Artificer)     Turns: 1244, Time: 00:05:57

Health: 0/28       AC:  1    Str: 13    XL:     4   Next: 48%
Magic:  4/4        EV: 13    Int: 13    God:
Gold:   32         SH:  0    Dex: 12    Spells: 3/3 levels left

rFire   . . .        f - +0 mace
rCold   . . .        (no shield)
rNeg    . . .        (helmet restricted)
rPois   .            (no amulet)
rElec   .            (no ring)
rCorr   .            (no ring)
SInv    .            (no ring)
Will    .....        (no ring)
Stlth   +++          (no ring)
HPRegen 0.24/turn    (no ring)
MPRegen 0.09/turn    (no ring)
                     (no ring)

%: no passive effects
@: no status effects
A: almost no armour, amphibious, 8 rings, camouflage 1, gelatinous body 1,
(nimble swimmer 1), tentacles
a: no special abilities


You were on level 2 of the Dungeon.
You visited 1 branch of the dungeon, and saw 2 of its levels.

You collected 44 gold pieces.
You spent 12 gold pieces at shops.

Inventory:

Hand Weapons
 f - a +0 mace (weapon)
Wands
 b - a wand of flame (15) (quivered)
 c - a wand of charming (11)
 d - a wand of iceblast (5)
Scrolls
 e - a scroll of vulnerability {unknown}
 h - a scroll of teleportation {unknown}
 j - a scroll of enchant weapon {unknown}
 l - a scroll of identify {unknown}
Potions
 a - a potion of curing {unknown}
 g - a potion of brilliance {unknown}
 i - 2 potions of enlightenment {unknown}
 k - 2 potions of heal wounds {unknown}


   Skills:
 - Level 1.0 Fighting
 - Level 1.0 Short Blades
 - Level 1.0 Maces & Flails
 - Level 3.0 Dodging
 - Level 2.0 Stealth
 + Level 1.8 Unarmed Combat
 - Level 0.2 Translocations
 - Level 4.0 Evocations


You had 3 spell levels left.
You didn't know any spells.
Your spell library was empty.

Dungeon Overview and Level Annotations

Branches:
Dungeon (2/15)

Altars:

Shops:
D:1 =(:=!


Innate Abilities, Weirdness & Mutations

You cannot wear most types of armour.
You are amphibious.
You can wear up to eight rings at the same time.
Your skin changes colour to match your surroundings (Stealth+).
Your rubbery body absorbs attacks. (AC +1, EV +1)
((You are camouflaged when in or above water. (Stealth+)))
You have tentacles for arms and can constrict up to eight enemies at once.


Message History

Training target 1.0 for Maces & Flails reached!
Your Maces & Flails skill increases to level 1!
Aiming: Charm
Press: ? - help, Shift-Dir - straight line, f - gnoll
Aim: a gnoll, wielding a +0 whip (chance to affect: 67%)
The gnoll is charmed.
The gnoll hits you from afar with a +0 spear.
The gnoll hits your gnoll with a +0 club.
The gnoll hits your gnoll with a +0 spear!
Your gnoll dies!
There is an open door here.
A hobgoblin comes into view.
The gnoll attacks as it pursues you!
The gnoll hits you from afar with a +0 spear.
The hobgoblin throws a stone.
The stone hits you.
Aiming: Charm
Press: ? - help, Shift-Dir - straight line, f - gnoll
Aim: a gnoll, wielding a +0 spear (chance to affect: 67%)
The gnoll struggles to resist.
The goblin shouts!
The goblin unwields a +0 dagger.
The goblin wields a +0 sling.
The goblin shoots a sling bullet.
The sling bullet hits you.
* * * LOW HITPOINT WARNING * * *
The gnoll hits you from afar with a +0 spear.
* * * LOW HITPOINT WARNING * * *
Aiming: Charm
Press: ? - help, Shift-Dir - straight line, f/p - gnoll
Aim: a gnoll, wielding a +0 spear (chance to affect: 67%)
The gnoll struggles to resist.
The goblin shoots a sling bullet.
The sling bullet misses you. The gnoll barely misses you.
Aiming: Charm
Press: ? - help, Shift-Dir - straight line, f/p - gnoll
Aim: a gnoll, wielding a +0 spear (chance to affect: 67%)
The gnoll is charmed.
The hobgoblin hits you.
* * * LOW HITPOINT WARNING * * *
The endoplasm closely misses your gnoll.
The goblin shoots a sling bullet.
The sling bullet barely misses you.
You closely miss the hobgoblin. Your grab misses the hobgoblin.
Your squeeze misses the hobgoblin. The hobgoblin hits you.
You die...

######†...##.##.#
#........
..........##.##.###
#......(.
######....##.##...#
#........
#....##.####.###........
#.......# #...##.#....#
#####...# ###....######
#..÷########..#
#.....).# #..######
#..@g...####........
###g..........######
#....[......######
#J##..............
#g##..........####
#.##..........#
######g##..........#
#....#.##...g....#.#
+....'.##...^....#.####


You could see 2 gnolls, an endoplasm, a hobgoblin (ally target), a goblin and a
friendly gnoll (charmed).

Vanquished Creatures
  4 adders (D:2)
  A dart slug (D:2)
  3 orcs (D:2)
  3 ball pythons (D:1)
  3 endoplasms
  5 hobgoblins (D:2)
  5 kobolds
  4 quokkas
  4 bats (D:1)
  4 frilled lizards (D:1)
  5 goblins
  2 rats (D:1)
43 creatures vanquished.

Vanquished Creatures (others)
  A gnoll (D:2)
1 creature vanquished.

Grand Total: 44 creatures vanquished

Notes
Turn   | Place    | Note
-------+----------+-------------------------------------------
     0 | D:1      | monsoonserge the Octopode Artificer began the quest for the
                  | Orb.
     0 | D:1      | Reached XP level 1. HP: 13/13 MP: 1/1
   151 | D:1      | Found Pywol's Book Shoppe.
   185 | D:1      | Found Hefal's Antique Weapon Boutique.
   222 | D:1      | Reached XP level 2. HP: 18/18 MP: 2/2
   298 | D:1      | Found Otuat's Jewellery Shoppe.
   521 | D:1      | Found Iwous's Jewellery Emporium.
   575 | D:1      | Found a faded altar of an unknown god.
   644 | D:1      | Found Mexky's Distillery.
   647 | D:1      | Bought a potion of degeneration for 12 gold pieces
   663 | D:1      | Reached XP level 3. HP: 23/23 MP: 3/3
   816 | D:2      | Reached skill level 1 in Unarmed Combat
   857 | D:2      | Reached skill level 4 in Evocations
   903 | D:2      | Reached skill level 1 in Short Blades
   903 | D:2      | Reached XP level 4. HP: 26/28 MP: 4/4
  1210 | D:2      | Reached skill level 1 in Maces & Flails
  1244 | D:2      | Slain by a hobgoblin

Illustrated notes

Levels and vault maps discovered:
D:1:      mushboom_english_gardens, layout_basic, serial_shops,
          nicolae_shop_real_fake_doors, nicolae_shop_behind_doors,
          nicolae_shop_statue_plus, nicolae_shop_stone,
          nicolae_shop_getting_attention, shapermc_ecumenical_altar_flowoftime
D:2:      layout_basic, guppyfry_early_orc_mine, uniq_jessica

Skill      XL: |  1  2  3  4 |
---------------+-------------+-----
Unarmed Combat | 1 |  1.8
Stealth        | 2 |  2.0
Evocations     | 4 |  4.0
Short Blades   | 1 |  1.0
Dodging        | 3 |  3.0
Maces & Flails | 1 |  1.0
Fighting       | |  1.0
Translocations | |  0.2

Action                     |  1- 3 |  4- 6 || total
---------------------------+-------+-------++-------
  Melee: Dagger            |    67 |       ||    67
         Constrict         |    22 |     5 ||    27
         Tentacles         |    15 |     6 ||    21
         Club              |     2 |       ||     2
         Short sword       |    13 |     7 ||    20
         Mace              |       |    16 ||    16
  Evoke: Wand              |       |     4 ||     4
   Stab: Sleeping          |     8 |       ||     8
 Armour: Skin              |    26 |    19 ||    45
  Dodge: Dodged            |    47 |    11 ||    58

Table legend: (Time is in decaauts)
 A = Elapsed time spent in this place.
 B = Non-inter-level travel time spent in this place.
 C = Inter-level travel time spent in this place.
 D = Time resting spent in this place.
 E = Time spent auto-exploring this place.
 F = Levels seen in this place.
 G = Mean time per level.
                   A        B        C        D        E       F      G
               +--------+--------+--------+--------+--------+-----+--------+
         Total |   1245 |   1237 |      8 |     73 |    706 |   2 |  622.5 |
       Dungeon |   1245 |   1237 |      8 |     73 |    706 |   2 |  622.5 |
               +--------+--------+--------+--------+--------+-----+--------+

Top non-repeatable levels by time:
     D:1: 782 daAuts
     D:2: 463 daAuts
